 Dungeon Crawl Stone Soup version 0.29.0-3-gbb0933ed62 (webtiles) character file.

Game seed: 13354879952279788552

4645 slphil the Transmogrifier (level 10, -3/51 HPs)
             Began as a Spriggan Earth Elementalist on Aug 26, 2022.
             Was a Believer of Dithmenos.
             Killed from afar by an acid dragon (17 damage)
             ... with a splash of acid
             ... on level 9 of the Dungeon.
             The game lasted 00:30:00 (11201 turns).

slphil the Transmogrifier (SpEE)                   Turns: 11201, Time: 00:30:01

Health: -3/51      AC:  5    Str:  4    XL:     10   Next: 20%
Magic:  20/27      EV: 19    Int: 18    God:    Dithmenos [**....]
Gold:   497        SH:  0    Dex: 25    Spells: 9/19 levels left

rFire   . . .      SeeInvis +   a - +0 dagger (speed)
rCold   . . .      Faith    .   (no shield)
rNeg    + . .      Spirit   .   G - +2 robe {rN+}
rPois   .          Reflect  .   (helmet restricted)
rElec   .          Harm     .   k - +0 cloak
rCorr   .          Rampage  .   (gloves unavailable)
Will    +....                   (boots unavailable)
Stlth   ++++++....              (no amulet)
HPRegen 0.17/turn               n - ring of magical power
MPRegen 0.20/turn               r - +6 ring of dexterity

@: wreathed by umbra, very quick
A: very small, no large weapons, unfitting armour, see invisible, speed 3
a: Renounce Religion, Shadow Step


You were on level 9 of the Dungeon.
You worshipped Dithmenos.
Dithmenos was pleased with you.
You visited 2 branches of the dungeon, and saw 10 of its levels.

You collected 497 gold pieces.

Inventory:

Hand Weapons
 a - a +0 dagger of speed (weapon)
 b - a +2 dagger of venom
 f - the +5 hand axe of Ogeankoacw {vorpal, rF+}
   (You found it on level 7 of the Dungeon)

   It inflicts extra damage upon your enemies.
   rF:        It protects you from fire.
 F - a +0 dagger of chaos
 K - a +1 dagger of venom
Armour
 k - a +0 cloak (worn)
 G - a +2 robe of positive energy (worn)
Jewellery
 n - a ring of magical power (left hand)
 o - a ring of positive energy
 r - a +6 ring of dexterity (right hand)
 x - the ring "Suatus" {Ice Dex+6}
   (You found it on level 5 of the Dungeon)

   [ring of ice]

   It enhances your ice magic.
   Dex:       It affects your dexterity (+6).
   rF:        It makes you vulnerable to fire.
   rC:        It protects you from cold.
 y - a ring of protection from fire
Wands
 m - a wand of iceblast (4)
 q - a wand of mindburst (5)
 w - a wand of light (17)
 A - a wand of charming (12)
 J - a wand of flame (18)
Scrolls
 e - a scroll of amnesia
 i - 2 scrolls of poison
 j - a scroll of silence
 p - a scroll of magic mapping {unknown}
 t - 2 scrolls of vulnerability
 u - 2 scrolls of summoning {unknown}
 v - a scroll of fear {unknown}
 D - 3 scrolls of noise {unknown}
 E - 3 scrolls of identify
 H - a scroll of enchant weapon {unknown}
 I - a scroll of teleportation {unknown}
 M - a scroll of blinking {unknown}
Potions
 c - 3 potions of magic
 d - a potion of degeneration {unknown}
 g - 3 potions of attraction
 h - 3 potions of curing
 l - 2 potions of invisibility
 s - a potion of mutation
 z - a potion of might
 B - a potion of lignification {unknown}
 C - 2 potions of heal wounds {unknown}
Miscellaneous
 L - a piece from Xom's chessboard (15/15)


   Skills:
 - Level 5.0 Fighting
 * Level 5.1 Short Blades
 - Level 3.2 Dodging
 + Level 9.7 Stealth
 - Level 5.0 Spellcasting
 - Level 10.0 Transmutations
 - Level 6.0 Earth Magic
 - Level 6.0 Evocations


You had 9 spell levels left.
You knew the following spells:

 Your Spells              Type           Power      Damage    Failure   Level
a - Sandblast             Erth           52%        2d12      1%          1
b - Passwall              Tmut/Erth      27%        N/A       1%          2
c - Petrify               Tmut/Erth      33%        N/A       4%          4
d - Stone Arrow           Conj/Erth      30%        3d8       12%         3

Your spell library contained the following spells:

 Spells                   Type           Power      Damage    Failure   Level
 Ignite Poison            Fire/Tmut/Pois 16%        N/A       11%         3
 Poisonous Vapours        Pois/Air       8%         N/A       21%         2
 Scorch                   Fire           8%         2d5       21%         2
 Conjure Flame            Conj/Fire      4%         6-21      36%         3
 Gell's Gravitas          Tloc           4%         N/A       36%         3
 Lesser Beckoning         Tloc           4%         N/A       36%         3
 Teleport Other           Tloc           4%         N/A       36%         3
 Corpse Rot               Necr/Pois/Air  4%         N/A       78%         4
 Flame Wave               Conj/Fire      4%         2d5       78%         4
 Sticky Flame             Conj/Fire      4%         2d3       78%         4
 Summon Cactus Giant      Summ           2%         N/A       100%        6
 Borgnjor's Revivificati  Necr           2%         N/A       100%        8
 Necromutation            Tmut/Necr      11%        N/A       100%        8
 Death's Door             Necr           2%         N/A       100%        9


Dungeon Overview and Level Annotations

Branches:
Dungeon (9/15)             Temple (1/1) D:6
   Lair: D:8-11         Orc: D:9-12

Altars:
Ashenzari
Cheibriados
Dithmenos
Elyvilon
Fedhas
Gozag
Hepliaklqana
Kikubaaqudgha
Makhleb
Nemelex Xobeh
Okawaru
Qazlal
Ru
Sif Muna
Trog
Uskayaw
Vehumet
Wu Jian
Xom
Yredelemnul
The Shining One


Innate Abilities, Weirdness & Mutations

You are very small and have problems with some larger weapons.
You are too small for most types of armour.
You have supernaturally acute eyesight. (SInv)
You cover ground extremely quickly. (Speed+++)


Message History

The centaur resists with significant effort.
The centaur wields a +0 shortbow.
The centaur shoots an arrow.
The arrow hits you!
You hear a shout! x2
Casting: Petrify (dangerous; 4% risk of failure)
Confirm with . or Enter, or press ? or * to list all spells.
Aiming: Petrify (dangerous; 4% risk of failure)
Press: ? - help, Shift-Dir - straight line, f/p - centaur
Aim: a centaur, wielding a +0 shortbow and quivering stones (chance to affect: 62%)
The centaur is moving more slowly.
The centaur shoots an arrow.
The arrow barely misses you.
You hear a shout!
You hear a roar!
The centaur shoots an arrow.
The arrow hits you!
You hear a shout!
There is an open door, spattered with blood here.
The centaur shoots an arrow.
The arrow hits you but does no damage.
You hear a roar!
The centaur shoots an arrow.
The arrow misses you.
There is an open door, spattered with blood here.
An acid dragon comes into view.
The centaur shoots an arrow.
The arrow hits you!
A kobold comes into view. It is wielding a +0 whip.
The centaur stops moving altogether!
The kobold throws a stone.
The stone hits you but does no damage.
The kobold brigand shoots an arrow.
The arrow misses you.
The kobold throws a stone.
The stone barely misses you.
The helpless centaur fails to defend itself.
You perforate the centaur like a sieve!!!!
You kill the centaur!
Dithmenos accepts your kill.
The kobold brigand shoots an arrow.
The arrow hits you!
* * * LOW HITPOINT WARNING * * *
The arrow burns you.
* * * LOW HITPOINT WARNING * * *
The kobold shouts!
Your Short Blades skill increases to level 5!
Okay, then.
The acid dragon spits acid at you. The splash of acid hits you!
You die...

..............
.....K.K......
...~...K~....#
....K......#.#
.....~D......#
.....~~....#'##
.....K).......##
...~.K..~......##
...../..@......<##
.................###
.......'.........'.
#....###.........#
..... ##.......##
###. ##.....## #.
##...## ##'## #.#


You could see an acid dragon (catching breath), a kobold brigand and 5 kobolds.

Vanquished Creatures
  Pikel (D:6)
  Joseph (D:7)
  A hornet (D:9)
  2 water moccasins
  Duvessa (D:5)
  4 orc warriors
  A sky beast (D:8)
  4 ogres
  4 centaurs
  A lemure (D:5)
  A phantom (D:7)
  2 kobold brigands
  2 bullfrogs
  A necrophage (D:8)
  A scorpion (D:7)
  Dowan (D:5)
  10 wights (D:8)
  5 killer bees
  A howler monkey (D:6)
  5 electric eels
  3 hounds
  3 orc priests (D:9)
  A gnoll bouda (D:9)
  4 iguanas
  5 orc wizards
  A hound skeleton (D:8)
  6 adders
  9 gnolls
  3 shadow imps
  3 white imps
  An ufetubus (D:4)
  3 worms
  4 dart slugs
  39 orcs
  5 ball pythons
  10 endoplasms
  2 giant cockroaches
  6 goblins
  6 hobgoblins
  4 jackals (D:2)
  13 kobolds
  4 quokkas
  6 bats
  6 frilled lizards
  6 rats
202 creatures vanquished.

Vanquished Creatures (others)
  An orc wizard (D:9)
  22 plants
23 creatures vanquished.

Grand Total: 225 creatures vanquished

Notes
Turn   | Place    | Note
-------+----------+-------------------------------------------
     0 | D:1      | slphil the Spriggan Earth Elementalist began the quest for
                  | the Orb.
     0 | D:1      | Reached XP level 1. HP: 9/9 MP: 5/5
   206 | D:1      | Reached XP level 2. HP: 13/13 MP: 4/7
   222 | D:1      | Reached skill level 2 in Transmutations
   356 | D:1      | Reached XP level 3. HP: 14/16 MP: 2/8
   875 | D:1      | Learned a level 2 spell: Passwall
  1322 | D:2      | Reached XP level 4. HP: 21/21 MP: 8/10
  1743 | D:3      | Reached skill level 3 in Transmutations
  2060 | D:3      | Learned a level 4 spell: Petrify
  2346 | D:3      | Learned a level 3 spell: Stone Arrow
  2411 | D:3      | Reached XP level 5. HP: 24/24 MP: 11/11
  2508 | D:3      | Reached skill level 5 in Stealth
  3236 | D:4      | Reached skill level 4 in Transmutations
  3236 | D:4      | Reached XP level 6. HP: 24/28 MP: 13/13
  3454 | D:4      | Found a bloodstained altar of Trog.
  3574 | D:4      | Noticed an orc warrior
  3600 | D:4      | Killed an orc warrior
  3903 | D:5      | Entered Level 5 of the Dungeon
  3932 | D:5      | Reached skill level 5 in Spellcasting
  3950 | D:5      | Identified the ring "Suatus" {Ice Dex+6}
  3965 | D:5      | Noticed a water moccasin
  3982 | D:5      | Killed a water moccasin
  3983 | D:5      | Reached skill level 6 in Transmutations
  3983 | D:5      | Reached XP level 7. HP: 10/32 MP: 14/15
  4550 | D:5      | Reached skill level 7 in Transmutations
  4687 | D:5      | Found a basalt altar of Yredelemnul.
  4701 | D:5      | Reached skill level 8 in Transmutations
  4785 | D:5      | Noticed Duvessa
  4785 | D:5      | Noticed Dowan
  4808 | D:5      | Killed Duvessa
  4809 | D:5      | Reached skill level 1 in Evocations
  4817 | D:5      | Killed Dowan
  4818 | D:5      | Reached skill level 1 in Fighting
  4818 | D:5      | Reached XP level 8. HP: 37/37 MP: 15/16
  5178 | D:6      | Found a staircase to the Ecumenical Temple.
  5178 | D:6      | Noticed Pikel
  5779 | Temple   | Entered the Ecumenical Temple
  5874 | Temple   | Became a worshipper of Dithmenos the Shadowed
  5895 | D:6      | Killed Pikel
  5957 | D:6      | Reached skill level 9 in Transmutations
  5970 | D:6      | Reached skill level 5 in Earth Magic
  6574 | D:7      | Found a white marble altar of Elyvilon.
  7062 | D:7      | Noticed Joseph
  7435 | D:7      | Identified the +5 hand axe of Ogeankoacw {vorpal, rF+}
  7490 | D:7      | Reached XP level 9. HP: 29/43 MP: 17/17
  7648 | D:7      | Found a shimmering blue altar of Sif Muna.
  7952 | D:7      | Killed Joseph
  8704 | D:8      | Reached skill level 10 in Transmutations
  8781 | D:8      | Reached * piety under Dithmenos
  9040 | D:8      | Reached skill level 5 in Fighting
  9063 | D:8      | Reached skill level 1 in Short Blades
  9316 | D:8      | Reached skill level 5 in Evocations
  9723 | D:8      | Found a burning altar of Makhleb.
 10009 | D:9      | Found a shimmering altar of Xom.
 10248 | D:9      | Found an ancient bone altar of Kikubaaqudgha.
 10267 | D:9      | Reached ** piety under Dithmenos
 10482 | D:9      | Reached XP level 10. HP: 51/51 MP: 18/18
 11201 | D:9      | Reached skill level 5 in Short Blades
 11201 | D:9      | Killed from afar by an acid dragon

Illustrated notes

Levels and vault maps discovered:
D:1:      dpeg_arrival_erosion, layout_rooms, amethyst_killhole,
          hangedman_abyss_or_decor_stabs, supply_closet_lemuel
D:2:      layout_rooms, hangedman_decor_opposing
D:3:      layout_rooms
D:4:      minmay_chambers_of_twos, layout_rooms, lemuel_doored_altar
D:5:      layout_gridville, marbit_many_paths, uniq_duvessa
D:6:      layout_loops_ring, minmay_temple_entry_gardened_gates, uniq_pikel
D:7:      layout_basic, mainiacjoe_overflow_alcove_4, amcnicky_altar_gilded,
          uniq_joseph
D:8:      layout_basic, makhleb_blood_cavern_becter, serial_bayou_lagoon_b
D:9:      layout_loops_corners, xom_butterflies, mainiacjoe_overflow_boulevard,
          erik_orc_2, skrybe_limestone_x
Temple:   nicolae_temple_great_sept

Skill      XL: |  1  2  3  4  5  6  7  8  9 10 |
---------------+-------------------------------+-----
Dodging        | 3 |  3.2
Spellcasting   | 3 4 5 |  5.0
Transmutations | 2 3 4 6 8 9 10 | 10.0
Earth Magic    | 3 4 5 6 |  6.0
Stealth        | 4 5 6 8 9 |  9.7
Evocations     | 1 4 5 6 |  6.0
Fighting       | 1 2 5 |  5.0
Short Blades   | 3 5 |  5.1

Action                   |  1- 3 |  4- 6 |  7- 9 | 10-12 || total
-------------------------+-------+-------+-------+-------++-------
Melee: Dagger            |     7 |    11 |   211 |    33 ||   262
       Punch             |       |       |     4 |     2 ||     6
       Hand axe          |       |       |     4 |       ||     4
 Cast: Sandblast         |    66 |   129 |     8 |     1 ||   204
       Petrify           |       |     2 |    65 |    22 ||    89
Evoke: Wand              |       |     3 |     2 |     7 ||    12
  Use: Scroll            |       |     1 |    11 |       ||    12
       Potion            |       |     2 |       |       ||     2
 Stab: Sleeping          |     1 |     3 |    18 |       ||    22
       Petrified         |       |     2 |    55 |     9 ||    66
       Petrifying        |       |       |    10 |     5 ||    15
       Distracted        |       |       |     1 |     1 ||     2
Armor: Robe              |     2 |    12 |     4 |     3 ||    21
Dodge: Dodged            |     9 |    55 |   129 |    12 ||   205
